 Dungeon Crawl Stone Soup version 0.31-a0-200-gbc41564c69 (webtiles) character file.

Game seed: 13250558114093998395

53 qw the Shooter (level 3, -3/20 HPs)
             Began as a Deep Elf Hunter on June 25, 2023.
             Slain by Sigmund
             ... wielding a +0 scythe
              (6 damage)
             ... on level 3 of the Dungeon.
             The game lasted 00:00:38 (1458 turns).

qw the Shooter (Deep Elf Hunter)                    Turns: 1458, Time: 00:00:38

Health: -3/20      AC:  5    Str: 10    XL:     3   Next: 64%
Magic:  5/5        EV: 11    Int: 13    God:
Gold:   187        SH:  0    Dex: 18    Spells: 2/2 levels left

rFire   . . .        Y - +1 shortbow
rCold   . . .        (shield currently unavailable)
rNeg    . . .        e - +0 ring mail
rPois   .            (no helmet)
rElec   .            (no cloak)
rCorr   .            (no gloves)
SInv    .            (no boots)
Will    .....        (no amulet)
Stlth   +            (no ring)
HPRegen 0.23/turn    (no ring)
MPRegen 0.09/turn

%: no passive effects
@: no status effects
A: no striking features
a: no special abilities


You were on level 3 of the Dungeon.
You visited 1 branch of the dungeon, and saw 3 of its levels.

You collected 187 gold pieces.


   Skills:
 - Level 1.5 Fighting
 + Level 7.1 Ranged Weapons
 - Level 2.4 Dodging
 - Level 1.2 Stealth


You had 2 spell levels left.
You didn't know any spells.
Your spell library was empty.

Inventory:

Hand Weapons
 Y - a +1 shortbow (weapon)
Armour
 e - a +0 ring mail (worn)
Scrolls
 a - a scroll of teleportation
 c - 3 scrolls of poison {unknown}
 d - a scroll of immolation {unknown}
Potions
 b - a potion of heal wounds {unknown}
 f - a potion of lignification {unknown}
 g - a potion of resistance {unknown}
 i - a potion of degeneration {unknown}

Dungeon Overview and Level Annotations

Branches:
Dungeon (3/15)

Altars:

Annotations:
D:3 Sigmund


Message History

Enter note: Sigmund the Dreaded comes into view.
He is wielding a +0 scythe.
Sigmund casts a spell at you. The magic dart hits you.
Enter note:
Enter note:
Enter note:
Enter note:
Enter note:
Enter note:
Enter note:
Enter note:
Enter note:
1447 ||| FLEEEEING.
You shoot an arrow. The arrow closely misses Sigmund.
You shoot an arrow. The arrow barely misses Sigmund.
You start resting.
Sigmund is nearby!
You shoot an arrow. The arrow hits Sigmund!
Sigmund is moderately wounded.
You shoot an arrow. The arrow closely misses Sigmund.
Sigmund points at you and mumbles some strange words.
The magic dart hits you.
You shoot an arrow. The arrow hits Sigmund.
Sigmund is heavily wounded.
Sigmund casts a spell at you. You resist with some effort.
You shoot an arrow. The arrow barely misses Sigmund.
Sigmund mumbles some strange words.
Sigmund flickers and vanishes!
Deactivating autopickup; reactivate with Ctrl-A.
You shoot an arrow. Something hits you.
You shoot an arrow. You shoot an arrow.
A magic dart appears from out of thin air!
The magic dart hits you!
Ouch! That really hurt!
Something hits you.
You die...

### ## #... ###### ...
.#.......#....(## ....
.#..............####....
.#....................
........(............
.....>............{#
.#.................#
.#..............@#
.................#
.##.............######
...........>...###...#
######.....#..####...##
# #...#.##.........# #
##.#.#............# #
##........###.....##
####......##.# #.....#


There were no monsters in sight!

Vanquished Creatures
  A dart slug (D:2)
  8 orcs (D:3)
  6 bats
  3 endoplasms
  3 hobgoblins
  3 quokkas
  2 ball pythons (D:3)
  7 frilled lizards
  2 goblins
  4 kobolds
  5 rats
44 creatures vanquished.

Notes
Turn   | Place    | Note
-------+----------+-------------------------------------------
     0 | D:1      | qw the Deep Elf Hunter began the quest for the Orb.
     0 | D:1      | Reached XP level 1. HP: 12/12 MP: 3/3
     0 | D:1      | 0 ||| qw: Version: 0.3-a-22-g0ed2b0b
     0 | D:1      | 0 ||| qw: Game counter: 5558
     0 | D:1      | 0 ||| qw: Melee chars always use a shield: true
     0 | D:1      | 0 ||| qw: God list: Okawaru
     0 | D:1      | 0 ||| qw: Allow faded altars: false
     0 | D:1      | 0 ||| qw: Do Orc after clearing Dungeon:15 true
     0 | D:1      | 0 ||| qw: Do second Lair branch before Depths: true
     0 | D:1      | 0 ||| qw: Lair rune preference: random
     0 | D:1      | 0 ||| qw: Goals: Normal
     0 | D:1      | 0 ||| PLANNING D:1-11
   249 | D:1      | Reached skill level 6 in Ranged Weapons
   249 | D:1      | Reached XP level 2. HP: 16/16 MP: 4/4
   400 | D:1      | Found a faded altar of an unknown god.
   516 | D:1      | 516 ||| UPGRADING to +0 ring mail.
   526 | D:1      | 526 ||| DROPPING +0 leather armour.
   527 | D:1      | 527 ||| READING scroll labelled VOTZUHAMIR.
   528 | D:1      | 528 ||| READING scroll labelled QUUNIN KACASCH.
   529 | D:1      | 529 ||| READING scroll labelled ZOISCH BIAXAX.
   530 | D:1      | 530 ||| DROPPING scroll of butterflies.
   622 | D:2      | 622 ||| FLEEEEING.
   629 | D:2      | 629 ||| FLEEEEING.
   630 | D:2      | 630 ||| FLEEEEING.
   832 | D:2      | Reached XP level 3. HP: 20/20 MP: 5/5
  1069 | D:2      | 1069 ||| READING 2 scrolls labelled FIAM VARHEMMI.
  1074 | D:2      | 1074 ||| READING scroll labelled OTWADOGONT.
  1075 | D:2      | 1075 ||| DRINKING 2 brown potions.
  1180 | D:2      | 1180 ||| DROPPING potion of berserk rage.
  1261 | D:3      | 1261 ||| FLEEEEING.
  1262 | D:3      | 1262 ||| FLEEEEING.
  1263 | D:3      | 1263 ||| FLEEEEING.
  1264 | D:3      | 1264 ||| FLEEEEING.
  1265 | D:3      | 1265 ||| FLEEEEING.
  1266 | D:3      | 1266 ||| FLEEEEING.
  1267 | D:3      | 1267 ||| FLEEEEING.
  1268 | D:3      | 1268 ||| FLEEEEING.
  1276 | D:3      | Reached skill level 7 in Ranged Weapons
  1446 | D:3      | Noticed Sigmund
  1447 | D:3      | 1447 ||| FLEEEEING.
  1458 | D:3      | HP: 3/20 [something/magic dart (11)]
  1458 | D:3      | Slain by Sigmund

Levels and vault maps discovered:
D:1:      lemuel_arrival_river_ford, layout_basic,
          hellmonk_ecumenical_altar_leap_of_faith, minmay_surrounded
D:2:      layout_loops_ring
D:3:      layout_rooms, uniq_sigmund

Skill      XL: |  1  2  3 |
---------------+----------+-----
Ranged Weapons | 6 7 |  7.1
Fighting       | |  1.5
Dodging        | |  2.4
Stealth        | |  1.2

Action                     || total
---------------------------++-------
   Fire: Shortbow          ||   120
    Use: Scroll            ||     5
         Potion            ||     1
 Armour: Ring mail         ||     8
  Dodge: Dodged            ||    14

Table legend:
 A = Non-vault XP
 B = Vault XP
 C = Vault XP percentage of total XP
 D = Non-vault monster count
 E = Vault monster count
 F = Vault count percentage of total count
                 A         B        C        D         E       F
            +---------+---------+-------+---------+---------+-------
      Total |      74 |       3 |   3.9 |      41 |       3 |   6.8
            +---------+---------+-------+---------+---------+-------
        D:1 |      18 |       3 |  14.3 |      13 |       3 |  18.8
        D:2 |      24 |       0 |   0.0 |      15 |       0 |   0.0
        D:3 |      32 |       0 |   0.0 |      13 |       0 |   0.0
            +---------+---------+-------+---------+---------+-------
